 Dungeon Crawl Stone Soup version 0.21.1-1-g345015f (webtiles) character file.

308 kae the Insei (level 6, 0/40 HPs)
             Began as an Octopode Transmuter on June 4, 2018.
             Slain by a sky beast (6 damage)
             ... on level 4 of the Dungeon.
             The game lasted 00:03:40 (4339 turns).

kae the Insei (Octopode Transmuter)                 Turns: 4339, Time: 00:03:40

Health: 0/40       AC:  1    Str:  9    XL:     6   Next: 40%
Magic:  9/10       EV: 14    Int: 15    God:
Gold:   151        SH:  0    Dex: 15    Spells: 4/10 levels left

rFire    . . .     SeeInvis .     - Unarmed
rCold    . . .     Gourm    .   (no shield)
rNeg     . . .     Faith    .   (helmet restricted)
rPois    .         Spirit   .   (no amulet)
rElec    .         Reflect  .   (no ring)
rCorr    .         Harm     .   (no ring)
MR       .....                  (no ring)
Stlth    ++........             (no ring)
HPRegen  0.13/turn              (no ring)
MPRegen  0.12/turn              (no ring)
                                (no ring)
                                (no ring)

@: no status effects
A: almost no armour, stealthy swim, amphibious, 8 rings, constrict 8, camouflage
1, gelatinous body 1
a: no special abilities


You were on level 4 of the Dungeon.
You were very hungry.

You visited 1 branch of the dungeon, and saw 4 of its levels.

You collected 151 gold pieces.

Inventory:

Missiles
 a - 85 arrows
Wands
 f - a wand of scattershot (15)
Scrolls
 g - a scroll of enchant armour
 j - 3 scrolls of remove curse
 l - a scroll of identify
Potions
 d - 4 potions of heal wounds
 e - a potion of might
 h - 2 potions of lignification
 i - a potion of invisibility
 k - a potion of agility
 m - a potion of ambrosia
Books
 b - a book of Changes

   Spells                             Type                      Level
   a - Beastly Appendage              Transmutation                1
   b - Sticks to Snakes               Transmutation                2
   c - Spider Form                    Transmutation/Poison         3
   d - Ice Form                       Ice/Transmutation            4
   e - Blade Hands                    Transmutation                5
Comestibles
 c - 4 rations


   Skills:
 + Level 2.3 Fighting
 + Level 3.0 Dodging
 * Level 4.4 Unarmed Combat
 + Level 2.8 Spellcasting
 * Level 3.9 Transmutations


You had 4 spell levels left.
You knew the following spells:

 Your Spells              Type           Power        Failure   Level  Hunger
a - Beastly Appendage     Tmut           ##....       4%          1    #......
b - Sticks to Snakes      Tmut           ##......     6%          2    ##.....
c - Spider Form           Tmut/Pois      #.........   26%         3    ###....


Dungeon Overview and Level Annotations

Branches:
Dungeon (4/15)
 Temple: D:4-7

Altars:
Elyvilon
Trog
The Shining One

Shops:
D:4 %

Annotations:
D:4 Vodalian's ghost, amateur OpTm


Innate Abilities, Weirdness & Mutations

You cannot wear most types of armour.
You are very stealthy in the water. (Stealth+)
You are amphibious.
You can wear up to eight rings at the same time.
You can use your tentacles to constrict eight enemies at once.
Your skin changes colour to match your surroundings (Stealth+).
Your rubbery body absorbs attacks. (AC +1, EV +1)


Message History

Reactivating autopickup.
The sky beast misses you.
You barely miss the sky beast.
The sky beast flickers out of sight!
Deactivating autopickup; reactivate with Ctrl-A.
Something hits you. Something shocks you.
You barely miss something. Something hits you. Something shocks you.
You barely miss something. Something completely misses you.
You barely miss something. Something barely misses you.
You miss something. Something barely misses you.
You closely miss something. You hit something. Something barely misses you.
You barely miss something.
Your transformation has ended.
Something hits you. Something shocks you.
You closely miss something. Something hits you. Something shocks you.
* * * LOW HITPOINT WARNING * * *
You closely miss something. Something hits you.
* * * LOW HITPOINT WARNING * * *
Something shocks you.
You die...

.........#..#....................
.........#..#....................
[........##+#......##'##'##......
+###.....+ #......#......#......
...#.....# #......#......#......
...####### #......#####..#......
........# #....#######..#......
...##...# #....'........#......
...##...# +...@#........#....).
...##'####+##...{##########......
...#.............................
...#.....>.......................
...'................{............
####.............................
.......##########+##########+##'#
.......# .......... ...>...#
..........


There were no monsters in sight!

Vanquished Creatures
  2 orc wizards (D:3)
  An orc priest (D:3)
  Jessica (D:3)
  2 worker ants (D:4)
  3 gnolls (D:3)
  3 adders
  2 worms
  A leopard gecko (D:1)
  6 orcs
  A ball python (D:2)
  2 giant cockroaches
  7 goblins
  7 hobgoblins
  7 kobolds
  A quokka (D:2)
  6 bats
  3 frilled lizards
  A quokka skeleton (D:4)
  6 rats
62 creatures vanquished.

Vanquished Creatures (collateral kills)
  A worker ant (D:4)
  2 kobolds (D:2)
  A quokka (D:4)
4 creatures vanquished.

Grand Total: 66 creatures vanquished

Notes
Turn   | Place    | Note
-------+----------+-------------------------------------------
     0 | D:1      | kae the Octopode Transmuter began the quest for the Orb.
     0 | D:1      | Reached XP level 1. HP: 13/13 MP: 3/3
   272 | D:1      | Reached XP level 2. HP: 16/18 MP: 5/5
   635 | D:1      | Learned a level 2 spell: Sticks to Snakes
  1401 | D:2      | Reached XP level 3. HP: 21/23 MP: 6/6
  1469 | D:2      | Found a glowing golden altar of the Shining One.
  1983 | D:3      | Reached XP level 4. HP: 20/29 MP: 7/7
  2196 | D:3      | Learned a level 3 spell: Spider Form
  2322 | D:3      | Reached XP level 5. HP: 34/34 MP: 4/8
  2330 | D:3      | Reached skill level 4 in Unarmed Combat
  2417 | D:3      | Found a white marble altar of Elyvilon.
  2885 | D:3      | Noticed Jessica
  2894 | D:3      | Killed Jessica
  3159 | D:4      | Reached XP level 6. HP: 34/39 MP: 8/10
  3644 | D:4      | Found Hogip's Food Shoppe.
  3783 | D:4      | Found a bloodstained altar of Trog.
  4057 | D:4      | Noticed Vodalian's ghost (amateur OpTm)
  4321 | D:4      | Noticed a sky beast
  4339 | D:4      | Slain by a sky beast

Skill      XL: |  1  2  3  4  5  6 |
---------------+-------------------+-----
Transmutations | 3 |  3.9
Unarmed Combat | 4 |  4.4
Fighting       | 2 |  2.3
Dodging        | 3 |  3.0
Spellcasting   | |  2.8

Action                   |  1- 3 |  4- 6 || total
-------------------------+-------+-------++-------
Melee: Unarmed           |   108 |   106 ||   214
       Constrict         |    27 |    11 ||    38
       Kick              |    11 |     2 ||    13
       Tentacles         |    11 |     5 ||    16
       Punch             |     1 |       ||     1
 Cast: Beastly Appendage |    11 |     2 ||    13
       Sticks to Snakes  |     3 |     3 ||     6
       Spider Form       |       |     6 ||     6
  Use: Scroll            |     9 |     3 ||    12
       Potion            |       |     1 ||     1
 Stab: Sleeping          |     6 |     3 ||     9
       Distracted        |     1 |       ||     1
  Eat: Chunk             |     3 |     5 ||     8
       Ration            |       |     1 ||     1
Armor: Skin              |     8 |     4 ||    12
Dodge: Dodged            |    80 |    68 ||   148
